 Seeded DCSS version 0.28.0-53-g5a82cb258f (webtiles) character file.

Game seed: 8123776248643956843 (custom seed)

19 Kranky the Prestidigitator (level 2, -1/13 (20) HPs)
             Began as a Gnoll Wanderer on June 24, 2022.
             Slain by a kobold
             ... wielding a +0 short sword of draining
              (3 damage)
             ... on level 1 of the Dungeon.
             The game lasted 00:01:33 (1191 turns).

Kranky the Prestidigitator (Gnoll Wanderer)         Turns: 1191, Time: 00:01:34

HP:   -1/13 (20)    AC:  6    Str: 11    XL:     2   Next: 75%
MP:   2/2           EV:  9    Int: 12    God:
Gold: 60            SH:  0    Dex: 10    Spells: 2/2 levels left

rFire   . . .      SeeInvis .   j - +0 hand axe
rCold   . . .      Faith    .   (no shield)
rNeg    . . .      Spirit   .   i - +0 scale mail
rPois   .          Reflect  .   (no helmet)
rElec   .          Harm     .   (no cloak)
rCorr   .          Rampage  .   (no gloves)
Will    .....                   (no boots)
Stlth   +.........              (no amulet)
HPRegen 0.04/turn               (no ring)
MPRegen 0.08/turn               (no ring)

@: very heavily drained
A: fangs 1, strong nose, distributed training
a: no special abilities


You were on level 1 of the Dungeon.
You visited 1 branch of the dungeon, and saw 1 of its levels.

You collected 60 gold pieces.

Inventory:

Hand Weapons
 a - a +0 club
 j - a +0 hand axe (weapon)
Missiles
 g - 13 stones
Armour
 d - a +0 robe
 f - a +0 ring mail
 i - a +0 scale mail (worn)
Scrolls
 c - 2 scrolls of teleportation
Potions
 b - a potion of lignification
 h - 2 potions of magic {unknown}
Miscellaneous
 e - a box of beasts (inert) (quivered)


   Skills:
 + Level 0.5 Fighting
 + Level 0.5 Short Blades
 + Level 0.5 Long Blades
 + Level 0.5 Axes
 + Level 0.5 Maces & Flails
 + Level 0.5 Polearms
 + Level 0.5 Staves
 + Level 0.5 Slings
 + Level 0.5 Bows
 + Level 0.5 Crossbows
 + Level 0.5 Throwing
 + Level 2.5 Armour
 + Level 2.5 Dodging
 + Level 4.1 Stealth
 + Level 0.5 Shields
 + Level 4.5 Unarmed Combat
 + Level 0.5 Spellcasting
 + Level 0.3 Conjurations
 + Level 0.3 Hexes
 + Level 0.3 Summonings
 + Level 0.3 Necromancy
 + Level 0.3 Translocations
 + Level 0.3 Transmutations
 + Level 0.3 Fire Magic
 + Level 0.3 Ice Magic
 + Level 0.3 Air Magic
 + Level 0.3 Earth Magic
 + Level 0.3 Poison Magic
 + Level 0.6 Invocations
 + Level 8.5 Evocations


You had 2 spell levels left.
You didn't know any spells.
Your spell library was empty.

Dungeon Overview and Level Annotations

Branches:
Dungeon (1/15)

Altars:


Innate Abilities, Weirdness & Mutations

You have very sharp teeth.
Your uncanny sense of smell can sniff out nearby items.
Your experience applies equally to all skills.


Message History

The ball python barely misses you. The ball python bites you.
The ball python closely misses you.
You hit the ball python.
The ball python is severely wounded.
The ball python bites you. The ball python grabs you.
The ball python constricts you.
You hit the ball python.
You kill the ball python!
The kobold hits you with a +0 short sword of draining.
You feel drained.
You hit the kobold.
The kobold is moderately wounded.
The kobold hits you with a +0 short sword of draining.
You feel drained.
You barely miss the kobold.
The kobold is moderately wounded.
The kobold hits you with a +0 short sword of draining.
You feel drained.
You closely miss the kobold.
The kobold is moderately wounded.
The kobold misses you.
You closely miss the kobold.
The kobold is moderately wounded.
The kobold misses you.
The kobold hits you with a +0 short sword of draining.
You feel drained.
You hit the kobold but do no damage.
The kobold is moderately wounded.
The kobold barely misses you.
You closely miss the kobold.
The kobold is moderately wounded.
The kobold hits you with a +0 short sword of draining.
* * * LOW HITPOINT WARNING * * *
You feel drained.
* * * LOW HITPOINT WARNING * * *
You completely miss the kobold.
The kobold is moderately wounded.
The kobold hits you but does no damage.
You feel drained.
The kobold hits you with a +0 short sword of draining.
You die...

...# #.#..........#
...# #.#.>........#
##.#####
#....#########
.......# ##.#..#
##.###.# #..#..##
##.....####...รท..#
##....##.....###.#
#..#..##.##.## #.#
..###.##.##.# #@#
......#..##.# #K#
#####...###.####.####
#....## #.##......#
#.#..####.##...._.#
##.#####...##.....[#
##..#####.####......#
....................#
...####...####......#


You could see a kobold.

Vanquished Creatures
  A bat (D:1)
  An endoplasm (D:1)
  A giant cockroach (D:1)
  4 hobgoblins (D:1)
  A ball python (D:1)
  A kobold (D:1)
  A rat (D:1)
10 creatures vanquished.

Vanquished Creatures (collateral kills)
  A goblin (D:1)
  4 jackals (D:1)
  A frilled lizard (D:1)
6 creatures vanquished.

Grand Total: 16 creatures vanquished

Notes
Turn   | Place    | Note
-------+----------+-------------------------------------------
     0 | D:1      | Kranky the Gnoll Wanderer began the quest for the Orb.
     0 | D:1      | Kranky set off with the following items: a +0 club, a
                  | potion of lignification, a scroll of teleportation, a +0
                  | robe, a box of beasts
     0 | D:1      | Reached XP level 1. HP: 13/13 MP: 1/1
   763 | D:1      | Reached XP level 2. HP: 16/19 MP: 2/2
  1172 | D:1      | Found a faded altar of an unknown god.
  1191 | D:1      | Slain by a kobold

Illustrated notes

Levels and vault maps discovered:
D:1:      tarquinn_simple_flora_water_c, layout_rooms, basic_ecumenical_altar

Action                   || total
-------------------------++-------
Melee: Club              ||    36
       Bite              ||     4
       Hand axe          ||    26
       Punch             ||     2
Evoke: Box of beasts     ||     1
 Stab: Sleeping          ||     1
Armor: Ring mail         ||     7
       Scale mail        ||    14
Dodge: Dodged            ||    41
